 Dungeon Crawl Stone Soup version 0.30-a0-23-ge60ba3568b (webtiles) character file.

Game seed: 328925987395915389

178 ytrimaz the Insei (level 5, 0/33 HPs)
             Began as an Octopode Transmuter on Aug 25, 2022.
             Slain by a gnoll
             ... wielding a +0 whip
              (5 damage)
             ... on level 4 of the Dungeon.
             The game lasted 00:03:12 (4727 turns).

ytrimaz the Insei (Octopode Transmuter)             Turns: 4727, Time: 00:03:12

Health: 0/33       AC:  1    Str:  9    XL:     5   Next: 58%
Magic:  8/8        EV: 13    Int: 18    God:
Gold:   957        SH:  0    Dex: 12    Spells: 3/8 levels left

rFire   . . .      SeeInvis .      - Unarmed
rCold   . . .      Faith    .    (no shield)
rNeg    . . .      Spirit   .    (helmet currently unavailable)
rPois   .          Reflect  .    (no amulet)
rElec   .          Harm     .    (no ring)
rCorr   .          Rampage  .    (no ring)
Will    .....                    (no ring)
Stlth   +++.......               (no ring)
HPRegen 0.11/turn                (no ring)
MPRegen 0.11/turn                (no ring)
                                 (no ring)
                                 (no ring)

@: appendages
A: tentacle spike 3, almost no armour, amphibious, 8 rings, camouflage 1,
gelatinous body 1, (nimble swimmer 1), tentacles
a: End Transformation


You were on level 4 of the Dungeon.
One of your tentacles had grown a beastly spike.
You visited 1 branch of the dungeon, and saw 4 of its levels.

You collected 957 gold pieces.

Inventory:

Scrolls
 b - a scroll of vulnerability
 e - a scroll of magic mapping
 h - 3 scrolls of enchant weapon
 i - a scroll of summoning
 m - 4 scrolls of teleportation
Potions
 a - 2 potions of lignification
 c - 2 potions of berserk rage {unknown}
 d - a potion of haste {unknown}
 f - a potion of might {unknown}
 g - 2 potions of invisibility {unknown}
 j - 2 potions of attraction {unknown}
 k - a potion of degeneration {unknown}
 l - 2 potions of heal wounds {unknown}
 n - a potion of curing {unknown}
 o - a potion of flight {unknown}


   Skills:
 - Level 1.0 Fighting
 - Level 2.4 Dodging
 + Level 2.2 Stealth
 + Level 5.6 Unarmed Combat
 - Level 2.0 Spellcasting
 - Level 2.0 Transmutations


You had 3 spell levels left.
You knew the following spells:

 Your Spells              Type           Power      Damage    Failure   Level
a - Beastly Appendage     Tmut           18%        N/A       8%          1
b - Wereblood             Tmut           9%         N/A       12%         2
c - Blink                 Tloc           2%         N/A       26%         2

Your spell library contained the following spells:

 Spells                   Type           Power      Damage    Failure   Level
 Sting                    Tmut/Pois      20%        1d4       12%         1
 Poisonous Vapours        Pois/Air       2%         N/A       26%         2
 Spider Form              Tmut/Pois      5%         N/A       34%         3
 Ice Form                 Ice/Tmut       5%         N/A       75%         4
 Olgreb's Toxic Radiance  Pois           1%         N/A       87%         4
 Manifold Assault         Tloc           1%         N/A       99%         5
 Storm Form               Tmut/Air       2%         N/A       100%        7


Dungeon Overview and Level Annotations

Branches:
Dungeon (4/15)
 Temple: D:4-7

Altars:
Sif Muna
Lugonu

Portals:
Abyss: D:3


Innate Abilities, Weirdness & Mutations

One of your tentacles has grown a beastly spike.
You cannot wear most types of armour.
You are amphibious.
You can wear up to eight rings at the same time.
Your skin changes colour to match your surroundings (Stealth+).
Your rubbery body absorbs attacks. (AC +1, EV +1)
((You are camouflaged when in or above water. (Stealth+)))
You have tentacles for arms and can constrict up to eight enemies at once.


Message History

A hobgoblin is nearby!
A hobgoblin is nearby!
One of your tentacles grows a vicious spike.
The hobgoblin shouts!
The hobgoblin hits you.
You barely miss the hobgoblin. Your grab misses the hobgoblin.
Your tentacle spike misses the hobgoblin.
The hobgoblin barely misses you.
You tentacle-slap the hobgoblin. Your grab misses the hobgoblin.
The hobgoblin is almost dead.
Your transformation is almost over.
You barely miss the hobgoblin. You grab the hobgoblin.
You pierce the hobgoblin.
You kill the hobgoblin!
f - a green potion You now have 957 gold pieces (gained 6).
Magic restored.
Your tentacle spike disappears.
HP restored.
m - 4 scrolls of teleportation (gained 1)
A gnoll comes into view. It is wielding a +0 whip.
A gnoll is nearby!
A gnoll is nearby!
A gnoll is nearby!
One of your tentacles grows a vicious spike.
The gnoll shouts!
A gnoll comes into view. It is wielding a +0 halberd.
The gnoll attacks as you move away! The gnoll hits you with a +0 whip.
You tentacle-slap the gnoll but do no damage.
You grab the gnoll.
You pierce the gnoll.
The gnoll is moderately wounded.
You constrict the gnoll. The gnoll hits you with a +0 whip!
You tentacle-slap the gnoll but do no damage.
You pierce the gnoll.
The gnoll is heavily wounded.
You constrict the gnoll, but do no damage.
The gnoll hits you from afar with a +0 halberd!
* * * LOW HITPOINT WARNING * * *
The gnoll hits you with a +0 whip.
You die...

#..# #.# . .. ##..#
#.##.#.# ...# #...... ..
#..# #..#.# ... ##..#
+....###... ...#
#..#.......
#.######.#######..#.#.#.#
#..........gg@....#.....#
#..........###........#.#
#. #.......####
#####..#.#.#... #########
########..#.#.#.#.
#.................
#.................
####.####........#.#
##### #....#
#.##.....#.#..
...######.####
#.##.........


You could see 2 gnolls.

Vanquished Creatures
  An iguana (D:4)
  8 adders
  3 worms (D:2)
  3 dart slugs
  2 orcs (D:3)
  9 endoplasms
  2 giant cockroaches
  3 goblins
  6 hobgoblins
  2 quokkas
  8 ball pythons
  6 bats
  4 frilled lizards
  4 kobolds
  7 rats
  2 lurking horrors (D:3)
70 creatures vanquished.

Notes
Turn   | Place    | Note
-------+----------+-------------------------------------------
     0 | D:1      | ytrimaz the Octopode Transmuter began the quest for the
                  | Orb.
     0 | D:1      | Reached XP level 1. HP: 13/13 MP: 3/3
   325 | D:1      | Reached XP level 2. HP: 17/18 MP: 5/5
   825 | D:1      | Reached XP level 3. HP: 20/23 MP: 4/6
   837 | D:1      | Reached skill level 4 in Unarmed Combat
  1323 | D:1      | Identified a scroll of acquirement
  1719 | D:2      | Reached XP level 4. HP: 23/28 MP: 7/7
  2208 | D:2      | Found a faded altar of an unknown god.
  2238 | D:2      | Reached skill level 1 in Stealth
  2783 | D:2      | Reached skill level 5 in Unarmed Combat
  2879 | D:3      | Learned a level 2 spell: Wereblood
  2882 | D:3      | Learned a level 2 spell: Blink
  2910 | D:3      | Found a corrupted altar of Lugonu.
  2910 | D:3      | Found a one-way gate to the infinite horrors of the Abyss.
  3429 | D:3      | Reached XP level 5. HP: 32/33 MP: 6/8
  4037 | D:3      | Found a shimmering blue altar of Sif Muna.
  4288 | D:3      | Identified the +1 leather armour "Qoluir" {rElec Stlth+}
  4369 | D:3      | Acquired 764 gold pieces
  4727 | D:4      | Slain by a gnoll

Illustrated notes

Levels and vault maps discovered:
D:1:      lightli_iron_boxes, layout_basic
D:2:      layout_basic, ebering_ecumenical_altar_mist,
          chequers_serial_rivers_small_b
D:3:      kb_forest_paths, layout_basic, mainiacjoe_overflow_24_doors,
          st_stairs_2, amcnicky_altar_lugonu_corruption
D:4:      dreamdust_elfheim, layout_basic,
          nicolae_hepliaklqana_monster_ancestors, minmay_temple_entry_nine_rooms

Skill      XL: |  1  2  3  4  5 |
---------------+----------------+-----
Unarmed Combat | 4 5 |  5.6
Stealth        | 1 2 |  2.2
Fighting       | |  1.0
Dodging        | |  2.4
Spellcasting   | |  2.0
Transmutations | |  2.0

Action                   |  1- 3 |  4- 6 || total
-------------------------+-------+-------++-------
Melee: Unarmed           |    69 |    72 ||   141
       Kick              |    17 |    14 ||    31
       Constrict         |     9 |    20 ||    29
       Tentacles         |    10 |    17 ||    27
       Punch             |     2 |     2 ||     4
 Cast: Beastly Appendage |    20 |    19 ||    39
  Use: Scroll            |     2 |     4 ||     6
 Stab: Sleeping          |     3 |     5 ||     8
Armor: Skin              |    14 |     6 ||    20
Dodge: Dodged            |    58 |    40 ||    98

Table legend: (Time is in decaauts)
 A = Elapsed time spent in this place.
 B = Non-inter-level travel time spent in this place.
 C = Inter-level travel time spent in this place.
 D = Time resting spent in this place.
 E = Time spent auto-exploring this place.
 F = Levels seen in this place.
 G = Mean time per level.
                   A        B        C        D        E       F      G
               +--------+--------+--------+--------+--------+-----+--------+
         Total |   4714 |   4607 |    107 |    544 |   3539 |   4 | 1178.5 |
       Dungeon |   4714 |   4607 |    107 |    544 |   3539 |   4 | 1178.5 |
               +--------+--------+--------+--------+--------+-----+--------+

Top non-repeatable levels by time:
     D:3: 1575 daAuts
     D:2: 1445 daAuts
     D:1: 1374 daAuts
     D:4: 318 daAuts
